[Event "*** Titled Tuesday Blitz"]
[Site "Chess.com"]
[Date "2020.12.01"]
[Round "3"]
[White "dopolian"]
[Black "DonPreuss"]
[Result "1-0"]
[WhiteElo "2425"]
[BlackElo "2233"]
[TimeControl "180+1"]
[EndTime "10:26:52 PST"]
[Termination "dopolian won by resignation"]

1. Nf3 Nc6 2. d4 e5 3. dxe5 f6 4. exf6 Nxf6 5. Nc3 d5 6. Bg5 Bd6 7. Bxf6 Qxf6 8. Qxd5 Be6 9. Qd2 O-O 10. O-O-O Rad8 11. Ne4 Qe7 12. Nxd6 Rxd6 13. Qe1 Rxd1+ 14. Qxd1 Rd8 15. Qe1 Bxa2 16. e3 Qc5 17. Qc3 Qxc3 18. bxc3 Bd5 19. Nd4 Na5 20. f3 Nc4 21. e4 Bf7 22. Be2 c5 23. Nb3 b6 24. Bxc4 Bxc4 25. Rd1 Rxd1+ 26. Kxd1 Kf7 27. Nd2 Be6 28. c4 Ke7 29. Ke2 a6 30. Kd3 Kd6 31. f4 Bf7 32. f5 b5 33. cxb5 axb5 34. Nf3 c4+ 35. Kd4 Kc6 36. Ne5+ 1-0

[Event "*** Titled Tuesday Blitz"]
[Site "Chess.com"]
[Date "2020.12.01"]
[Round "3"]
[White "talman67"]
[Black "Sergienko_Sergey"]
[Result "1/2-1/2"]
[WhiteElo "2536"]
[BlackElo "2342"]
[TimeControl "180+1"]
[EndTime "10:26:54 PST"]
[Termination "Game drawn by agreement"]

1. e4 c5 2. Nf3 a6 3. Nc3 b5 4. d4 cxd4 5. Nxd4 Bb7 6. Bd3 g6 7. O-O Bg7 8. Be3 d6 9. a4 bxa4 10. Nxa4 Nd7 11. Qd2 Ngf6 12. f3 O-O 13. Nb3 Ne5 14.
Na5 Nxd3 15. Nxb7 Qc7 16. Nb6 Qxb7 17. Nxa8 Nxb2 18. Rfb1 Qxa8 19. Rxb2 Nxe4 20. Qb4 Bxb2 21. Qxb2 Nf6 22. Bg5 Qa7+ 23. Kh1 Rb8 24. Qc3 Qb6 25. h3 Qb2 26. Bxf6 exf6 27. Qxb2 Rxb2 28. Rxa6 Rxc2 29. Rxd6 f5 30. Kh2 Kg7 1/2-1/2

[Event "*** Titled Tuesday Blitz"]
[Site "Chess.com"]
[Date "2020.12.01"]
[Round "3"]
[White "LastHeroJr"]
[Black "1977Ivan"]
[Result "0-1"]
[WhiteElo "2404"]
[BlackElo "2670"]
[TimeControl "180+1"]
[EndTime "10:26:56 PST"]
[Termination "1977Ivan won by resignation"]

1. e4 c6 2. Nf3 d5 3. d3 dxe4 4. dxe4 Qxd1+ 5. Kxd1 Nf6 6. Nfd2 g5 7. c3 Nbd7 8. f3 g4 9. Kc2 Bh6 10. a4 gxf3 11.
gxf3 Rg8 12. Na3 Ne5 13. Nac4 Nxc4 14. Nxc4 Bxc1 15. Rxc1 Nh5 16. a5 Be6 17. Ne5 f6 18.
Nd3 O-O-O 19. Nc5 Bf7 20. Bh3+ Kc7 21. Be6 Rg2+ 22. Kb3 Rg5 23. Bxf7 Rxc5 24. Rcd1 Rxd1 25. Rxd1 Nf4 26. Rc1 Rxa5 27. Rg1 Rg5 28. Rd1 Rg7 29. Be8 e6 30. e5 fxe5 0-1

[Event "*** Titled Tuesday Blitz"]
[Site "Chess.com"]
[Date "2020.12.01"]
[Round "3"]
[White "Fortitudine"]
[Black "CheckThis4"]
[Result "0-1"]
[WhiteElo "2350"]
[BlackElo "2562"]
[TimeControl "180+1"]
[EndTime "10:26:56 PST"]
[Termination "CheckThis4 won by resignation"]

1. c4 e6 2. Nf3 f5 3. b3 Nf6 4. Bb2 Be7 5. g3 O-O 6. Bg2 b6 7. O-O Bb7 8. d3 c5 9. d4 cxd4 10. Bxd4 Nc6 11. Bb2 Ne4 12. Nbd2 d5 13. cxd5 exd5 14.
Nd4 Bf6 15. Nxc6 Bxc6 16. Bxf6 Qxf6 17. Nf3 Rae8 18. Qd4 Nc3 19. Qxf6 Nxe2+ 20. Kh1 Rxf6 21. Rfe1 Rfe6 22. Red1 d4 23. Nxd4 Nxd4 24. Bxc6 Nxc6 0-1

[Event "*** Titled Tuesday Blitz"]
[Site "Chess.com"]
[Date "2020.12.01"]
[Round "3"]
[White "cukin84"]
[Black "GM_LOADING"]
[Result "1-0"]
[WhiteElo "2191"]
[BlackElo "2469"]
[TimeControl "180+1"]
[EndTime "10:26:56 PST"]
[Termination "cukin84 won by resignation"]

1. e4 e5 2. Nf3 Nc6 3. c3 d5 4.
Qa4 dxe4 5. Nxe5 Qd5 6. Nxc6 bxc6 7. Bc4 Qd6 8. d3 Nf6 9. O-O exd3 10. Bf4 Qd7 11.
Bxd3 Be7 12. Rd1 Nd5 13. Bg3 O-O 14. c4 Nb6 15. Qc2 Qg4 16. Bxh7+ Kh8 17. Bd3 Be6 18.
b3 Qh5 19. Nc3 Rad8 20. Be2 Qh6 21. Rxd8 Rxd8 22. Rd1 Rxd1+ 23. Qxd1 Bf6 24. Ne4 Bb2 25. Nc5 Bf5 26. h3 Qg5 27. Bf3 Bxh3 28. gxh3 Qxc5 29.
Qd8+ Kh7 30. Be4+ g6 31. Qxc7 Bf6 32. Qxf7+ Bg7 1-0

[Event "*** Titled Tuesday Blitz"]
[Site "Chess.com"]
[Date "2020.12.01"]
[Round "3"]
[White "vwnv7"]
[Black "szefru"]
[Result "1-0"]
[WhiteElo "2411"]
[BlackElo "2213"]
[TimeControl "180+1"]
[EndTime "10:26:56 PST"]
[Termination "vwnv7 won by checkmate"]

1. c4 e5 2. Nc3 Nc6 3. g3 g6 4.
Bg2 Bg7 5. e4 Nge7 6. Nge2 d6 7.
d3 O-O 8. h4 h6 9. Be3 Kh7 10.
Qd2 f5 11. Nd5 Nxd5 12. cxd5 Nd4 13. Bxd4 exd4 14. Nf4 Qf6 15. Rc1 Rf7 16. Rc2 fxe4 17. dxe4 Qe5 18. O-O Bg4 19. f3 Bh5 20. Rfc1 Rc8 21.
Nxh5 gxh5 22. f4 Qf6 23. Bh3 Re8 24. Bf5+ Kh8 25. Rxc7 Ree7 26. Rxe7 Rxe7 27. Rc8+ Bf8 28. Qd1 Qf7 29. Qxd4+ Qg7 30. Rxf8# 1-0

[Event "*** Titled Tuesday Blitz"]
[Site "Chess.com"]
[Date "2020.12.01"]
[Round "3"]
[White "dretch"]
[Black "rychessmaster1"]
[Result "1-0"]
[WhiteElo "2825"]
[BlackElo "2558"]
[TimeControl "180+1"]
[EndTime "10:26:57 PST"]
[Termination "dretch won by checkmate"]

1. d4 Nf6 2. c4 e6 3. Nc3 Bb4 4. Qc2 d6 5. Bd2 Nbd7 6. a3 Bxc3 7. Bxc3 b6 8. e4 Bb7 9. Bd3 e5 10. Ne2 Qe7 11. O-O O-O 12. Ng3 g6 13. Rae1 c5 14.
d5 Ng4 15. f3 Nh6 16. Qc1 Kg7 17.
f4 f6 18. f5 Nf7 19. h4 a6 20. Rf3 Rh8 21. Bd2 Rag8 22. Ref1 Kf8 23. Be2 Ke8 24. b4 Qd8 25. Rb3 Ke7 26. Bg4 g5 27. h5 h6 28. Qb2 Qc7 29. bxc5 dxc5 30. Ba5 Bxd5 31. exd5 bxa5 32. Rb7 Qd6 33. Ne4 Qb8 34. Nxc5 Kd6 35.
Rxd7+ Kxc5 36. Qf2+ Kxc4 37. Rc1+ Kb3 38. Qc2+ Kxa3 39. Qc3+ Ka4 40. Ra1+ Kb5 41. Be2+ Kb6 42. Qxa5# 1-0

[Event "*** Titled Tuesday Blitz"]
[Site "Chess.com"]
[Date "2020.12.01"]
[Round "3"]
[White "Onischuk_V"]
[Black "Sergey85Rodchenkov"]
[Result "1-0"]
[WhiteElo "2835"]
[BlackElo "2446"]
[TimeControl "180+1"]
[EndTime "10:26:58 PST"]
[Termination "Onischuk_V won by resignation"]

1. e4 c5 2. Ne2 a6 3. g3 Nc6 4. Bg2 g6 5. O-O Bg7 6. c3 e5 7. a4 Nge7 8. Na3 O-O 9. Nc4 d6 10. d3 Be6 11. f4 f5 12. Ne3 Qd7 13. a5 Rae8 14. Qa4 Kh8 15. Nd5 Bg8 16. c4 Qd8 17.
Ra3 Nxd5 18. cxd5 Nd4 19. Nxd4 exd4 20. Rb3 Re7 21. Rb6 Rfe8 22. Qc2 Rc7 23. b3 h5 24.
h4 Qe7 25. Qd1 Qf7 26. Rxd6 Qf8 27. Rxg6 1-0

[Event "*** Titled Tuesday Blitz"]
[Site "Chess.com"]
[Date "2020.12.01"]
[Round "3"]
[White "superchess02"]
[Black "esskeettit"]
[Result "1-0"]
[WhiteElo "2772"]
[BlackElo "2440"]
[TimeControl "180+1"]
[EndTime "10:26:59 PST"]
[Termination "superchess02 won by checkmate"]

1. e4 c5 2. Nf3 Nc6 3. g3 g6 4. Bg2 Bg7 5. O-O e6 6. d3 d5 7.
Nbd2 Nge7 8. Re1 b5 9. exd5 Nxd5 10. Ne4 Qe7 11. Nfg5 h6 12. Nf6+ Bxf6 13. Bxd5 Bd7 14. Ne4 Rc8 15. Bf4 O-O 16. Bd6 Qd8 17. Bxf8 exd5 18.
Nxf6+ Qxf6 19. Bxh6 Qxb2 20. Rb1 Qh8 21. Bf4 a6 22. Qf3 Be6 23. Qe3 Qf6 24. Be5 Qf5 25.
c3 b4 26. cxb4 Nxb4 27. Qh6 f6 28. Bf4 Nxd3 29. Rb7 Bf7 30. Rxf7 Kxf7 31. Qh7+ Kf8 32. Bh6# 1-0

[Event "*** Titled Tuesday Blitz"]
[Site "Chess.com"]
[Date "2020.12.01"]
[Round "3"]
[White "KononenkoD"]
[Black "HajduIstvanCM"]
[Result "1-0"]
[WhiteElo "2368"]
[BlackElo "1760"]
[TimeControl "180+1"]
[EndTime "10:27:03 PST"]
[Termination "KononenkoD won on time"]

1. d4 d5 2. c4 c6 3. cxd5 cxd5 4. Bf4 Nc6 5. e3 Bf5 6. Qb3 Qb6 7. Qxb6 axb6 8.
Nc3 Nb4 9. Bb5+ Bd7 10. Kd2 e6 11. Nf3 f6 12. Rhc1 g5 13. Bg3 h5 14. h4 g4 15. Ne1 Nh6 16. Bc7 Nc6 17. Bxb6 Bd6 18.
g3 Ke7 19. Nd3 Rhc8 20. Bc5 Rab8 21. Bxd6+ Kxd6 22. Nc5 b6 23. Nxd7 Kxd7 24. Ne2 Kd6 25. Bxc6 Rxc6 26. Rxc6+ Kxc6 27. Nf4 Kd7 28. Nxh5 Ng8 29.
Nf4 Rc8 30. Rc1 Rxc1 31. Kxc1 Kd6 32. Kc2 e5 33. dxe5+ fxe5 34. Nd3 Nf6 35. a4 Ne4 36. b4 d4 37. exd4 exd4 38. Kb3 Kd5 39. h5 Nf6 40. h6 Nh7 41. a5 1-0

[Event "*** Titled Tuesday Blitz"]
[Site "Chess.com"]
[Date "2020.12.01"]
[Round "3"]
[White "QuintilianoR"]
[Black "VinzentSpitzl"]
[Result "1-0"]
[WhiteElo "2640"]
[BlackElo "2402"]
[TimeControl "180+1"]
[EndTime "10:27:04 PST"]
[Termination "QuintilianoR won by resignation"]

1. d4 d5 2. c4 e6 3. Nf3 Nf6 4. Nc3 Bb4 5. Bg5 h6 6. Bxf6 Qxf6 7.
Qa4+ Nc6 8. e3 O-O 9. Rc1 Bd7 10. Qc2 a6 11. a3 Bd6 12. cxd5 exd5 13. Nxd5 Qd8 14.
Bd3 Be6 15. Nc3 Ne7 16. O-O Rc8 17. Ne4 c6 18. Nc5 Bxc5 19. dxc5 Nd5 20. Nd4 Qf6 21. Bf5 Rcd8 22. Rfd1 g6 23. Nxe6 fxe6 24. Bxg6 Kh8 25. Be4 Rg8 26. g3 Rdf8 27. Bg2 h5 28.
Rd4 Kg7 29. Rf1 Kh6 30. Qd2 e5 31. Rd3 Kh7 32. Bxd5 cxd5 33. Rxd5 h4 34. Rd7+ Kh8 35. Qd3 Rg6 36. Rd6 1-0

[Event "*** Titled Tuesday Blitz"]
[Site "Chess.com"]
[Date "2020.12.01"]
[Round "3"]
[White "CakeinSpace2002"]
[Black "MarcLonoff"]
[Result "1-0"]
[WhiteElo "2376"]
[BlackElo "2183"]
[TimeControl "180+1"]
[EndTime "10:27:04 PST"]
[Termination "CakeinSpace2002 won by resignation"]

1. Nf3 e6 2. b3 d5 3. Bb2 c5 4. e3 Nc6 5. c4 Nf6 6. a3 d4 7. exd4 cxd4 8. d3 a5 9. Nbd2 Be7 10. g3 O-O 11. Bg2 Rb8 12. O-O e5 13.
Re1 Nd7 14. h4 f6 15. h5 Nc5 16. Ne4 Nxe4 17. dxe4 Bg4 18. h6 g6 19. Qd3 Rf7 20. Nh2 Qd7 21. Nxg4 Qxg4 22. Rac1 Bf8 23. Bf3 Qg5 24. Kg2 Qxh6 25. Rh1 Qg7 26. c5 Rd7 27. Bg4 Re7 28. Rh4 h5 29. Bf3 Qh6 30.
Rch1 Rh7 31. Bc1 Qg7 32. g4 Qe7 33. b4 axb4 34. axb4 Qe6 35. Bd1 Nxb4 36. Qa3 Bxc5 37. Bb3 1-0

[Event "*** Titled Tuesday Blitz"]
[Site "Chess.com"]
[Date "2020.12.01"]
[Round "3"]
[White "Lupul_Cenusiu"]
[Black "PenguinPacks"]
[Result "1-0"]
[WhiteElo "2589"]
[BlackElo "2373"]
[TimeControl "180+1"]
[EndTime "10:27:05 PST"]
[Termination "Lupul_Cenusiu won by resignation"]

1. d4 Nf6 2. Nf3 e6 3. c4 Bb4+ 4. Nbd2 d5 5. a3 Be7 6. e3 O-O 7. b3 b6 8. Bb2 Bb7 9. Bd3 c5 10. O-O Nc6 11. Qe2 Rc8 12. Rfd1 Qc7 13. Rac1 Bd6 14.
dxc5 bxc5 15. cxd5 Nxd5 16. Nc4 Be7 17. g3 Na5 18.
Be5 Qd8 19. e4 Nxb3 20. Rb1 f6 21. exd5 exd5 22. Rxb3 Ba8 23. Ba1 Kh8 24. Bf5 Rc7 25.
Nh4 Qe8 26. Na5 d4 27. Qg4 Bd5 28. Ng6+ Kg8 29. Be6+ Bxe6 30. Qxe6+ Qf7 31. Nxf8 Bxf8 32. Qxf7+ 1-0

[Event "*** Titled Tuesday Blitz"]
[Site "Chess.com"]
[Date "2020.12.01"]
[Round "3"]
[White "KonstantinB_1983"]
[Black "VladimirBugayev"]
[Result "1-0"]
[WhiteElo "2520"]
[BlackElo "2292"]
[TimeControl "180+1"]
[EndTime "10:27:07 PST"]
[Termination "KonstantinB_1983 won on time"]

1. d4 Nf6 2. c4 c5 3. d5 b5 4. cxb5 a6 5. e3 d6 6. Nc3 g6 7. Nf3 Bg7 8. a4 O-O 9. h3 Nbd7 10. Ra3 Ne8 11. bxa6 Bxa6 12. Bxa6 Rxa6 13. O-O Qa8 14. Qc2 Nc7 15. e4 Rb8 16. b3 Rab6 17.
Bg5 Kf8 18. Nd2 Qb7 19. Be3 Rb4 20. Kh1 Nb6 21. Na2 Nxa4 22. Nxb4 cxb4 23. Rxa4 Bc3 24.
Nc4 Na6 25. Qa2 Nc5 26. Bxc5 dxc5 27. Rd1 1-0

[Event "*** Titled Tuesday Blitz"]
[Site "Chess.com"]
[Date "2020.12.01"]
[Round "3"]
[White "SaqoChess_Twitch"]
[Black "Mikasinski"]
[Result "1-0"]
[WhiteElo "2514"]
[BlackElo "2277"]
[TimeControl "180+1"]
[EndTime "10:27:07 PST"]
[Termination "SaqoChess_Twitch won by resignation"]

1. d4 Nf6 2. e3 g6 3. Nf3 Bg7 4. Be2 O-O 5. O-O b6 6. b3 Bb7 7. Bb2 d6 8. Nbd2 Nbd7 9. c4 a5 10. a3 Ne4 11. b4 c5 12. Nxe4 Bxe4 13. Nd2 Bb7 14. bxc5 bxc5 15. Qc2 Rb8 16. Bc3 cxd4 17. Bxd4 Bxd4 18. exd4 Qb6 19. Qc3 e5 20. c5 exd4 21.
Qxd4 Qxc5 22. Qh4 Rfe8 23. Bf3 Bxf3 24. Nxf3 Rb2 25. Rfe1 Ne5 26. Ng5 h5 27. Ne4 Qc8 28. Nf6+ Kg7 29. Nxe8+ Qxe8 30. f4 Qc6 31. Qg3 Qc5+ 32.
Kh1 Ng4 33. h3 Nf2+ 34. Kh2 Qc2 35. Rac1 Qd2 36. Qc3+ Qxc3 37. Rxc3 h4 38. Rf3 d5 39. f5 g5 40. f6+ Kg6 41. Re5 Ne4 42. Rxd5 Rb1 43.
Rxa5 Ng3 44. Rxg3 hxg3+ 45. Kxg3 Kxf6 46. Ra6+ Kg7 47. a4 Rb4 48. a5 Ra4 49. Ra8 f6 50.
Kf3 Kg6 51. a6 Ra3+ 52. Kf2 Ra2+ 53. Kg3 Ra3+ 54. Kh2 Ra2 55. a7 Ra3 56. Kg1 Kg7 57.
Kf2 Ra4 58. g4 Rxg4 59. Ke3 Rf4 60. Rb8 Ra4 61. a8=Q 1-0

[Event "*** Titled Tuesday Blitz"]
[Site "Chess.com"]
[Date "2020.12.01"]
[Round "3"]
[White "Aleksey_Sorokin"]
[Black "stoleriu"]
[Result "0-1"]
[WhiteElo "2816"]
[BlackElo "2560"]
[TimeControl "180+1"]
[EndTime "10:27:08 PST"]
[Termination "stoleriu won by resignation"]

1. d4 e6 2. c4 Nf6 3. Nf3 Bb4+ 4. Nbd2 b6 5. a3 Bxd2+ 6. Qxd2 a5 7. b3 O-O 8. e3 Bb7 9. Be2 d6 10. O-O Nbd7 11.
Bb2 Qe7 12. Rfd1 Ne4 13. Qc2 f5 14. d5 e5 15. Nd2 Nxd2 16. Rxd2 Nc5 17. Rdd1 f4 18. b4 Nd7 19. Bg4 Kh8 20. Re1 Bc8 21. Be6 f3 22. gxf3 Rxf3 23. Qe2 Rf6 24. f4 Rxe6 25.
dxe6 Qxe6 26. Qg2 Rb8 27. Rac1 Bb7 28. e4 Rf8 29. f5 Qh6 30. c5 bxc5 31. bxc5 Nxc5 32.
Rxc5 dxc5 33. Bxe5 Re8 34. Qg3 c4 35. Re3 Rxe5 0-1

[Event "*** Titled Tuesday Blitz"]
[Site "Chess.com"]
[Date "2020.12.01"]
[Round "3"]
[White "ZenBull"]
[Black "ChainsOfFantasia"]
[Result "0-1"]
[WhiteElo "2164"]
[BlackElo "2477"]
[TimeControl "180+1"]
[EndTime "10:27:09 PST"]
[Termination "ChainsOfFantasia won by checkmate"]

1. Nf3 Nf6 2. c4 e6 3. g3 d5 4. d4 Be7 5. Bg2 O-O 6. O-O dxc4 7. Qc2 a6 8. a4 c5 9. dxc5 Bxc5 10. Nbd2 b5 11.
axb5 Bb7 12. bxa6 Nxa6 13. Qxc4 Qb6 14. b4 Nxb4 15. Rxa8 Rxa8 16. Bb2 Ba6 17. Qh4 Bxe2 18. Bxf6 gxf6 19. Rb1 Bxf2+ 20. Kh1 Rb8 21. Qxf6 Qc5 22. Ne4 Qc2 23. Qg5+ Kf8 24. Qh6+ Ke8 25. Nf6+ Ke7 26. Ra1 Na2 27. h4 Rb1+ 28. Rxb1 Qxb1+ 29. Kh2 Bxf3 30. Bxf3 Qg1+ 31. Kh3 Qxg3# 0-1

[Event "*** Titled Tuesday Blitz"]
[Site "Chess.com"]
[Date "2020.12.01"]
[Round "3"]
[White "maxip32"]
[Black "Srisshhhtea"]
[Result "1-0"]
[WhiteElo "2504"]
[BlackElo "2252"]
[TimeControl "180+1"]
[EndTime "10:27:10 PST"]
[Termination "maxip32 won by checkmate"]

1. e4 e6 2. d4 d5 3. Nc3 Bb4 4. e5 c5 5. a3 Bxc3+ 6. bxc3 Ne7 7. a4 b6 8. Bb5+ Bd7 9. Bd3 Qc7 10. Nf3 Nbc6 11. O-O h6 12. Re1 Na5 13. Ba3 O-O 14. Bc1 Rfc8 15. h4 cxd4 16. cxd4 Nc4 17. Nh2 Nf5 18.
Qg4 Qd8 19. Nf3 Qe7 20. Qf4 Rc7 21. Kh2 Rac8 22. Kh3 Rc6 23. g4 g5 24. hxg5 hxg5 25. Nxg5 Qb4 26. Rh1 Kg7 27. Kg2 Nce3+ 28. Bxe3 Nh6 29.
Qf6+ Kg8 30. Rxh6 Kf8 31. Rh8# 1-0

[Event "*** Titled Tuesday Blitz"]
[Site "Chess.com"]
[Date "2020.12.01"]
[Round "3"]
[White "Eloist"]
[Black "Doraemon7"]
[Result "0-1"]
[WhiteElo "2306"]
[BlackElo "2528"]
[TimeControl "180+1"]
[EndTime "10:27:12 PST"]
[Termination "Doraemon7 won by resignation"]

1. e4 c6 2. Nf3 d5 3. Nc3 Bg4 4. d4 dxe4 5. Nxe4 Nf6 6. Nxf6+ exf6 7. c3 Bd6 8. h3 Bh5 9. Qe2+ Be7 10. g4 Bg6 11.
Nh4 Na6 12. f4 f5 13. Nxf5 Bxf5 14. gxf5 O-O 15. Be3 Bh4+ 16. Kd2 Re8 17. Qg4 Qe7 18. Qf3 Nc7 19. Bc4 b5 20. Bb3 c5 21. Rag1 Rad8 22. Rg4 Bf6 23. Re1 cxd4 24. cxd4 Bxd4 25.
Bxd4 Rxd4+ 0-1

[Event "*** Titled Tuesday Blitz"]
[Site "Chess.com"]
[Date "2020.12.01"]
[Round "3"]
[White "Agoking701"]
[Black "NiranjanNavalgund"]
[Result "0-1"]
[WhiteElo "2221"]
[BlackElo "2432"]
[TimeControl "180+1"]
[EndTime "10:27:13 PST"]
[Termination "NiranjanNavalgund won on time"]

1. e4 e5 2. Nf3 Nc6 3. Bb5 g6 4. c3 Bg7 5. d4 exd4 6. cxd4 a6 7. Ba4 b5 8. Bb3 d6 9. O-O Nf6 10. e5 dxe5 11. dxe5 Qxd1 12. Rxd1 Ng4 13. Bf4 O-O 14.
Bd5 Bb7 15. h3 Nh6 16. Nc3 Rad8 17. e6 fxe6 18. Bxe6+ Kh8 19. Bxc7 Rxd1+ 20. Rxd1 Nf5 21. Ne4 Nfd4 22. Nd6 Nxe6 23. Bb6 Ba8 24. Re1 Ned4 25. Ng5 Bf6 26. Ngf7+ Kg7 27. Rd1 Rxf7 28. Nxf7 Kxf7 29. g4 g5 30. h4 gxh4 31. f4 Ne2+ 32. Kf2 Nxf4 33.
Rd7+ Kg6 34. Rc7 Ne5 35. Be3 Nxg4+ 0-1

[Event "*** Titled Tuesday Blitz"]
[Site "Chess.com"]
[Date "2020.12.01"]
[Round "3"]
[White "garfio2017"]
[Black "akanga001"]
[Result "1-0"]
[WhiteElo "2284"]
[BlackElo "1943"]
[TimeControl "180+1"]
[EndTime "10:27:15 PST"]
[Termination "garfio2017 won by checkmate"]

1. e4 d6 2. d4 Nf6 3. Nc3 c6 4. Be3 Qa5 5. Bd3 e5 6. dxe5 dxe5 7.
Ne2 Bg4 8. f3 Bh5 9. O-O Nbd7 10.
Qd2 Bc5 11. g4 Bg6 12. Ng3 Qb6 13. Bxc5 Nxc5 14. Qf2 Nfd7 15. Nd1 O-O-O 16. a4 a5 17. Bc4 f6 18. c3 h5 19. b4 axb4 20. a5 Qc7 21. cxb4 Na6 22. Qa7 Ndb8 23. gxh5 Bxh5 24. Be6+ Nd7 25. b5 cxb5 26. Ne3 Qb8 27. Rac1+ Nc7 28. Qb6 Rhe8 29. Nd5 Rxe6 30. Rxc7+ Qxc7 31. Qxc7# 1-0

[Event "*** Titled Tuesday Blitz"]
[Site "Chess.com"]
[Date "2020.12.01"]
[Round "3"]
[White "daro94"]
[Black "csati17"]
[Result "1-0"]
[WhiteElo "2847"]
[BlackElo "2592"]
[TimeControl "180+1"]
[EndTime "10:27:16 PST"]
[Termination "daro94 won by resignation"]

1. e4 e6 2. d4 d5 3. Nc3 Bb4 4. e5 Ne7 5. a3 Bxc3+ 6. bxc3 b6 7. Qg4 Ng6 8. h4 h5 9. Qg3 Ba6 10. Bd3 Bxd3 11. cxd3 c5 12. Ne2 Nc6 13. Be3 Qd7 14. O-O Nce7 15. dxc5 Nf5 16. Qh3 bxc5 17. Bxc5 Nxe5 18.
Nd4 Nxd4 19. cxd4 Ng6 20. Rae1 Ne7 21. Re5 Nc6 22. Re3 O-O-O 23. Rb1 Qc7 24. Qf3 Rd7 25. Re2 Qa5 26. Reb2 Re8 27. Qg3 Qc7 28. Qxg7 Qf4 29. g3 Qf5 30. Qh6 Rg8 31. Qc1 Qxd3 32. Rb8+ Nxb8 33.
Bd6+ Qc4 1-0

[Event "*** Titled Tuesday Blitz"]
[Site "Chess.com"]
[Date "2020.12.01"]
[Round "3"]
[White "MikeSailer"]
[Black "vladgoncharov"]
[Result "1-0"]
[WhiteElo "2161"]
[BlackElo "2458"]
[TimeControl "180+1"]
[EndTime "10:27:16 PST"]
[Termination "MikeSailer won by checkmate"]

1. d4 f6 2. Nf3 d5 3. Bf4 c6 4. e3 e6 5. c4 Bb4+ 6. Nc3 Ne7 7. Qb3 Qa5 8. Be2 O-O 9. O-O Ng6 10. Bg3 Nd7 11. a3 Bxc3 12. bxc3 Kh8 13. Bd6 Re8 14. c5 e5 15. Rfe1 Qd8 16. c4 Nb6 17. dxe5 dxc4 18. Bxc4 Nxc4 19. Qxc4 fxe5 20. Rad1 Qf6 21. Rd2 Be6 22.
Qb4 Bd5 23. e4 Bg8 24. Qxb7 Nf4 25. Bxe5 Rxe5 26. Qxa8 Nh3+ 27. Kh1 h5 28. Nxe5 Nxf2+ 29. Kg1 Nh3+ 30. gxh3 Qg5+ 31. Rg2 Qxe5 32. Qxc6 Be6 33. Qd6 Kh7 34. Qxe5 Kh8 35. Qxg7# 1-0

[Event "*** Titled Tuesday Blitz"]
[Site "Chess.com"]
[Date "2020.12.01"]
[Round "3"]
[White "theturtlemoves"]
[Black "TheCairnTerrier"]
[Result "1-0"]
[WhiteElo "2391"]
[BlackElo "2163"]
[TimeControl "180+1"]
[EndTime "10:27:16 PST"]
[Termination "theturtlemoves won by checkmate"]

1. e4 c5 2. Nf3 e6 3. d4 cxd4 4.
Nxd4 Nf6 5. Nc3 d6 6. Be3 Be7 7. g4 d5 8. exd5 Nxd5 9. Bb5+ Bd7 10. Nxd5 exd5 11. Bxd7+ Qxd7 12. Nf5 Bf6 13. c3 O-O 14. Qd2 Nc6 15. O-O-O Ne5 16. Bd4 Nxg4 17. Qf4 Bxd4 18. Qxg4 Kh8 19. Rxd4 g6 20. Ne3 f5 21. Qf4 Rae8 22.
Rxd5 Qc6 23. Qd4+ Kg8 24. Rd1 f4 25. Ng4 Re2 26. Nh6# 1-0

[Event "*** Titled Tuesday Blitz"]
[Site "Chess.com"]
[Date "2020.12.01"]
[Round "3"]
[White "Deepweb2020"]
[Black "onetowin"]
[Result "1-0"]
[WhiteElo "2299"]
[BlackElo "2005"]
[TimeControl "180+1"]
[EndTime "10:27:16 PST"]
[Termination "Deepweb2020 won by resignation"]

1. d4 Nf6 2. c4 e6 3. g3 Be7 4.
Nf3 d5 5. Bg2 O-O 6. O-O dxc4 7.
Qc2 a6 8. a4 Bd7 9. Qxc4 Bc6 10. Bf4 Bd6 11. Bxd6 Qxd6 12. Nc3 Rd8 13. Rfe1 Ne4 14.
Rac1 Nxc3 15. Rxc3 Nd7 16. a5 Rac8 17. e4 Bb5 18.
Qb3 c5 19. Rec1 c4 20. Qa3 Qc7 21. Bf1 Nf6 22. Re3 Rd7 23. Bxc4 Bxc4 24. b3 Qd8 25. Rxc4 Rdc7 26. Qb4 Qd7 27. Ne5 Qe7 28. Qxe7 Rxe7 29. Rxc8+ 1-0

[Event "*** Titled Tuesday Blitz"]
[Site "Chess.com"]
[Date "2020.12.01"]
[Round "3"]
[White "PelinGorki"]
[Black "Mr_Heisenberg13"]
[Result "1-0"]
[WhiteElo "2408"]
[BlackElo "2612"]
[TimeControl "180+1"]
[EndTime "10:27:17 PST"]
[Termination "PelinGorki won by resignation"]

1. e4 e6 2. d4 d5 3. Nc3 Bb4 4.
Ne2 dxe4 5. a3 Be7 6. Nxe4 Nd7 7. g3 Ngf6 8. Bg2 O-O 9. O-O Nxe4 10. Bxe4 c5 11. Be3 Qc7 12. c3 Rd8 13. Nf4 cxd4 14.
cxd4 Nf6 15. Bd3 Bd7 16. Rc1 Qb8 17. Nh5 Nd5 18. Bd2 Bc6 19. Qg4 g6 20. Nf4 Nxf4 21. Bxf4 Bd6 22. Bg5 Re8 23. Bf6 Bf8 24. b4 Bg7 25.
Bxg7 Kxg7 26. Qg5 Qd6 27. Qe5+ Qxe5 28. dxe5 Red8 29. Bc4 a6 30. Rfd1 Bf3 31. Rd3 Rxd3 32. Bxd3 Rd8 33. Bf1 g5 34. h3 Rd3 35. Bxd3 h5 36. Rc7 Kf8 37. Kf1 g4 38. hxg4 hxg4 39. Be2 Bd5 40. Bxg4 Kg7 41. f4 Kg6 42. Kf2 Be4 43.
Bf3 Bc2 44. Rxb7 Ba4 45. Ke3 Bb5 46. Be4+ Kg7 47. f5 exf5 48. Bxf5 Kf8 49. Kf4 Bc4 50.
Kg5 Ke8 51. Kf6 Kd8 52. Rb8+ Kc7 53. Rc8+ 1-0

[Event "*** Titled Tuesday Blitz"]
[Site "Chess.com"]
[Date "2020.12.01"]
[Round "3"]
[White "HanSchut"]
[Black "adriangschnitzer"]
[Result "0-1"]
[WhiteElo "2211"]
[BlackElo "2493"]
[TimeControl "180+1"]
[EndTime "10:27:17 PST"]
[Termination "adriangschnitzer won by resignation"]

1. e4 c6 2. d4 d5 3. e5 c5 4. Nf3 Bg4 5. dxc5 Nc6 6. a3 e6 7. b4 a5 8. Bb2 axb4 9. axb4 Rxa1 10. Bxa1 Nxb4 11. c4 Bxc5 12. cxd5 Nxd5 13. Bb5+ Kf8 14. O-O Qa5 15. Qa4 Qxa4 16. Bxa4 Bxf3 17. gxf3 Ke7 18.
Rc1 b6 19. Nd2 Nf4 20. Kf1 Nh6 21. Ne4 Ra8 22. Nxc5 bxc5 23. Bb5 Nf5 24. Rd1 Nd4 25. Bc3 Nxb5 0-1

[Event "*** Titled Tuesday Blitz"]
[Site "Chess.com"]
[Date "2020.12.01"]
[Round "3"]
[White "JoliyRoger"]
[Black "Arkady_Gitelson"]
[Result "0-1"]
[WhiteElo "2381"]
[BlackElo "2597"]
[TimeControl "180+1"]
[EndTime "10:27:18 PST"]
[Termination "Arkady_Gitelson won on time"]

1. Nf3 Nf6 2. d4 g6 3. c4 Bg7 4.
Nc3 O-O 5. e4 d6 6. h3 Na6 7. Bg5 Qe8 8. Be2 e5 9. d5 Nh5 10. Nd2 Nf4 11. Bf1 f5 12. g3 Nh5 13.
Be2 Nf6 14. h4 h6 15. Bxf6 Bxf6 16. h5 g5 17. exf5 Bxf5 18. Nde4 Bg7 19. Bg4 Bh7 20.
Qe2 Rd8 21. Kf1 c6 22. Kg2 Nc7 23. Rad1 b5 24. b3 b4 25. Nb1 cxd5 26. cxd5 Nb5 27. Rhe1 Nd4 28. Qd3 Qf7 29. Qxd4 exd4 30. Be6 Qxe6 31.
dxe6 Rfe8 32. g4 Rxe6 33. Ng3 Rde8 34. Rxe6 Rxe6 35. Nd2 Bc2 36. Rc1 d3 37. Nf3 Bb2 38. Rf1 Bc3 39. Nf5 d2 40. Nxd2 Bxd2 41. f4 Bxf4 42.
Rf2 Be4+ 0-1

[Event "*** Titled Tuesday Blitz"]
[Site "Chess.com"]
[Date "2020.12.01"]
[Round "3"]
[White "albi1999"]
[Black "KetiGrant"]
[Result "1-0"]
[WhiteElo "2580"]
[BlackElo "2367"]
[TimeControl "180+1"]
[EndTime "10:27:18 PST"]
[Termination "albi1999 won by resignation"]

1. d4 Nf6 2. c4 g6 3. g3 Bg7 4. Bg2 O-O 5. Nc3 d6 6. Nf3 Nc6 7. O-O e5 8. d5 Ne7 9. e4 Ne8 10. Ne1 f5 11. Nd3 Nf6 12. f4 exf4 13. Nxf4 c6 14. c5 fxe4 15. cxd6 Qxd6 16. Nxe4 Nxe4 17.
Bxe4 Bf5 18. Bxf5 Rxf5 19. dxc6 Qc5+ 20. Kg2 Qxc6+ 21. Qf3 Rc8 22. Be3 Bxb2 23. Rab1 Rb5 24. Rf2 Bg7 25. Rxb5 Qxb5 26. Ne6 Nf5 27. Nxg7 Kxg7 28.
Bxa7 Qa4 29. Qxb7+ 1-0